 Dungeon Crawl Stone Soup version 0.29.1-15-g9cfb28693d (webtiles) character file.

Game seed: 7007590180534874698

113 Hugehornet the Slasher (level 5, -3/41 HPs)
             Began as a Human Fighter on Mar 30, 2023.
             Slain by an orc
             ... wielding a +0 flail
              (7 damage)
             ... on level 3 of the Dungeon.
             The game lasted 00:03:00 (2671 turns).

Hugehornet the Slasher (Human Fighter)              Turns: 2671, Time: 00:03:01

Health: -3/41      AC:  8    Str: 17    XL:     5   Next: 17%
Magic:  5/5        EV:  9    Int: 10    God:
Gold:   188        SH:  4    Dex: 12    Spells: 4/4 levels left

rFire   . . .      SeeInvis .   a - +0 long sword
rCold   . . .      Faith    .   c - +0 buckler
rNeg    . . .      Spirit   .   b - +0 scale mail
rPois   .          Reflect  .   (no helmet)
rElec   .          Harm     .   (no cloak)
rCorr   .          Rampage  .   (no gloves)
Will    .....                   k - +0 pair of boots
Stlth   ..........              (no amulet)
HPRegen 0.13/turn               m - ring of flight
MPRegen 0.09/turn               (no ring)

@: flying, hasted, very quick
A: no striking features
a: no special abilities


You were on level 3 of the Dungeon.
You visited 1 branch of the dungeon, and saw 3 of its levels.

You collected 188 gold pieces.

Inventory:

Hand Weapons
 a - a +0 long sword (weapon)
Missiles
 t - a throwing net (quivered)
Armour
 b - a +0 scale mail (worn)
 c - a +0 buckler (worn)
 k - a +0 pair of boots (worn)
Jewellery
 m - a ring of flight (left hand)
 s - an amulet of magic regeneration
Scrolls
 e - a scroll of teleportation {unknown}
 h - a scroll of amnesia {unknown}
 p - a scroll of noise {unknown}
 r - 3 scrolls of fear {unknown}
Potions
 d - 2 potions of might
 f - a potion of haste
 i - a potion of flight
 j - 2 potions of curing
 l - 3 potions of degeneration
 n - a potion of attraction
 o - a potion of lignification {unknown}
 q - a potion of heal wounds


   Skills:
 - Level 3.0 Fighting
 * Level 4.2 Long Blades
 + Level 3.9 Armour
 - Level 3.0 Shields


You had 4 spell levels left.
You didn't know any spells.
Your spell library contained the following spells:

 Spells                   Type           Power      Damage    Failure   Level
 Foxfire                  Conj/Fire      0%         2x1d4     85%         1
 Poisonous Vapours        Pois/Air       0%         N/A       94%         2
 Conjure Flame            Conj/Fire      0%         6-21      99%         3
 Ignite Poison            Fire/Tmut/Pois 0%         N/A       99%         3
 Inner Flame              Hex/Fire       0%         N/A       99%         3
 Mephitic Cloud           Conj/Pois/Air  0%         N/A       99%         3
 Corpse Rot               Necr/Pois/Air  0%         N/A       100%        4
 Flame Wave               Conj/Fire      0%         2d4       100%        4
 Freezing Cloud           Conj/Ice/Air   0%         6-21      100%        5


Dungeon Overview and Level Annotations

Branches:
Dungeon (3/15)

Altars:

Annotations:
D:3 adelang's ghost, amateur GrEE


Message History

You hit adelang's ghost but do no damage.
Adelang's ghost is moderately damaged.
You block the orc's attack.
You hit adelang's ghost.
Adelang's ghost is heavily damaged.
Adelang's ghost points at you and mumbles some strange words.
The blast of sand hits you but does no damage.
The orc hits you with a +0 flail. The orc hits you but does no damage. x2
You slash adelang's ghost!
Adelang's ghost is severely damaged.
The orc hits you with a +0 flail. The orc barely misses you.
The orc hits you but does no damage.
You barely miss adelang's ghost.
Adelang's ghost is severely damaged.
Adelang's ghost says, "All of the earth is under my command."
You block adelang's ghost's attack. The orc closely misses you.
The orc hits you with a +0 flail. The orc hits you but does no damage.
You hit adelang's ghost.
Adelang's ghost is almost destroyed.
You hit adelang's ghost but do no damage.
Adelang's ghost is almost destroyed.
Adelang's ghost points at you and mumbles some strange words.
The blast of sand hits you. The orc hits you with a +0 flail.
The orc barely misses you. The orc hits you but does no damage.
You hit adelang's ghost but do no damage.
Adelang's ghost is almost destroyed.
The orc closely misses you. The orc barely misses you.
The orc hits you but does no damage.
You hit adelang's ghost but do no damage.
Adelang's ghost is almost destroyed.
Adelang's ghost hits you but does no damage.
The orc hits you with a +0 flail! The orc hits you but does no damage.
You block the orc's attack.
You barely miss adelang's ghost.
Adelang's ghost is almost destroyed.
Adelang's ghost points at you and mumbles some strange words.
The blast of sand hits you!
* * * LOW HITPOINT WARNING * * *
The orc closely misses you. The orc hits you with a +0 flail!
You die...

##..................##.....
#...................##.....
#.....####..........##.....
#.....# #..........##.....
#.....# #..........##.....
##########......รท...#######
########...........##
#........oo........#
#8......oo@....8...#
#######'oW######...#
#.......oo....#...#
#....#####o...#...#
#.###.....###.#...#
#.#8#..8..#8#.#####
#.............#
#8....[_.....8#


You could see an orc priest, adelang's ghost and 7 orcs.

Vanquished Creatures
  3 gnolls (D:3)
  5 adders
  A worm (D:2)
  4 ball pythons
  4 endoplasms
  5 goblins (D:2)
  5 hobgoblins
  3 quokkas
  A frilled lizard (D:1)
  2 kobolds (D:1)
  5 rats
38 creatures vanquished.

Vanquished Creatures (others)
  A plant (D:2)
1 creature vanquished.

Grand Total: 39 creatures vanquished

Notes
Turn   | Place    | Note
-------+----------+-------------------------------------------
     0 | D:1      | Hugehornet the Human Fighter began the quest for the Orb.
     0 | D:1      | Reached XP level 1. HP: 18/18 MP: 1/1
   389 | D:1      | Reached XP level 2. HP: 23/24 MP: 2/2
   577 | D:1      | Found a faded altar of an unknown god.
   883 | D:2      | Reached skill level 3 in Long Blades
   883 | D:2      | Reached XP level 3. HP: 29/29 MP: 3/3
  1336 | D:2      | Reached XP level 4. HP: 35/35 MP: 4/4
  2157 | D:3      | Reached skill level 4 in Long Blades
  2192 | D:3      | Reached XP level 5. HP: 34/41 MP: 5/5
  2281 | D:3      | Found a runed translucent gate.
  2281 | D:3      | Found a runed translucent gate.
  2283 | D:3      | Found a runed translucent gate.
  2283 | D:3      | Identified the +1 chain mail of the Scribe {Str+2}
  2288 | D:3      | Noticed adelang's ghost (amateur GrEE)
  2671 | D:3      | Slain by an orc

Illustrated notes

Levels and vault maps discovered:
D:1:      minmay_arrival_radiant_lines, layout_rooms,
          shapermc_ecumenical_altar_flowoftime, minmay_misc_feat_five,
          hangedman_abyss_or_decor_lesser_grid, minmay_indecisive_spiral
D:2:      layout_basic, serial_bayou_lagoon_b
D:3:      layout_basic, biasface_ghost_orc_armoury

Skill      XL: |  1  2  3  4 |
---------------+-------------+-----
Long Blades    | 3 4 |  4.2
Fighting       | |  3.0
Armour         | |  3.9
Shields        | |  3.0

Action                   |  1- 3 |  4- 6 || total
-------------------------+-------+-------++-------
Melee: Long sword        |    84 |    65 ||   149
  Use: Scroll            |       |     6 ||     6
       Potion            |       |     1 ||     1
Armor: Scale mail        |    38 |    33 ||    71
Dodge: Dodged            |    36 |    31 ||    67
Block: Buckler           |    15 |    13 ||    28
